 Dungeon Crawl Stone Soup version 0.18.1-48-g4cf74bf (webtiles) character file.

1294 Galewin the Cleaver (level 8, 0/96 HPs)
             Began as a Minotaur Berserker on July 18, 2016.
             Was an Elder of Trog.
             Slain by an orc warrior
             ... wielding a +0 flail
              (19 damage)
             ... on level 6 of the Dungeon.
             The game lasted 00:10:53 (4407 turns).

Galewin the Cleaver (Minotaur Berserker)            Turns: 4407, Time: 00:10:53

Health: 0/96       AC:  3    Str: 29    XL:     8   Next: 30%
Magic:  7/7        EV: 11    Int:  4    God:    Trog [****..]
Gold:   364        SH:  0    Dex: 10    Spells: 0 memorised, 7 levels left

rFire  . . .     SeeInvis .     a - +0 hand axe
rCold  . . .     Gourm    .     b - +1 animal skin
rNeg   . . .     Faith    .     (no shield)
rPois  .         Spirit   .     (helmet restricted)
rElec  .         Dismiss  .     (no cloak)
rCorr  .         Reflect  .     (no gloves)
SustAt .         Harm     .     (no boots)
MR     .....                    q - amulet of regeneration
Stlth  ..........               (no ring)
                                (no ring)

@: berserking, drained, very quick, not resistant to hostile enchantments,
extremely unstealthy
A: retaliatory headbutt, horns 2
a: Berserk, Trog's Hand, Brothers in Arms, Burn Spellbooks, Renounce Religion


You were on level 6 of the Dungeon.
You worshipped Trog.
Trog was greatly pleased with you.
You were not hungry.

You visited 1 branch of the dungeon, and saw 6 of its levels.

You collected 364 gold pieces.

Inventory:

Hand Weapons
 a - a +0 hand axe (weapon)
Armour
 b - a +1 animal skin (worn)
Jewellery
 q - an amulet of regeneration (around neck)
 x - an uncursed ring of protection from magic {unknown}
Wands
 y - a wand of polymorph (13/24)
 B - a wand of lightning (9/15)
Scrolls
 d - a scroll of blinking {unknown}
 f - 2 scrolls of magic mapping {unknown}
 g - a scroll of enchant armour
 h - a scroll of teleportation {unknown}
 i - a scroll of recharging {unknown}
 j - 3 scrolls of identify
 o - 2 scrolls of amnesia {unknown}
 p - 2 scrolls of fog {unknown}
 t - a scroll of immolation {unknown}
 w - 2 scrolls of remove curse {unknown}
 z - a scroll of noise {unknown}
Potions
 e - a potion of cure mutation {unknown}
 l - 2 potions of degeneration {unknown}
 m - 2 potions of curing {unknown}
 n - 3 potions of brilliance {unknown}
 r - 2 potions of flight {unknown}
 s - a potion of mutation {unknown}
 u - a potion of might {unknown}
 v - a potion of heal wounds {unknown}
 C - a potion of agility {unknown}
Comestibles
 c - 2 bread rations
 k - 4 meat rations


   Skills:
 - Level 3.6(2.5) Fighting
 + Level 12.2(10.9) Axes
 - Level 2.4(1.3) Armour
 - Level 2.1(1.1) Dodging


You had 7 spell levels left.
You didn't know any spells.

Dungeon Overview and Level Annotations

Branches:
Dungeon (6/15)
 Temple: D:4-7

Altars:
Cheibriados
Elyvilon
Makhleb


Innate Abilities, Weirdness & Mutations

You reflexively headbutt those who attack you in melee.
You have a pair of horns on your head.


Message History

Okay, then.
A red film seems to cover your vision as you go berserk!
You feel yourself moving faster!
You feel mighty!
You feel somewhat more hungry.
You closely miss the wight. Your headbutt misses the wight.
The wight is lightly damaged.
You slash the wight! Your headbutt misses the wight.
The wight is severely damaged.
You slash the wight!
You feel the power of Trog in you as your rage grows.
You destroy the wight!
You slash the wight!
You destroy the wight!
You closely miss the orc warrior. You hit the orc warrior.
Your headbutt misses the orc warrior.
The orc warrior is moderately wounded.
You completely miss the orc warrior.
The orc warrior is moderately wounded.
The orc warrior hits you with a flail!!
You die...

.# . .########
.#####.........######...
..............z.zo.oo...
...)....# #o# #.....#.#
#@# ...#....###### #.#
...#....#....# #.#
..(#....#....# #.#
#............# #.#
#.###........#)#.#
#............#.#.#
...#...##......#.#
##.#...##..#.###.#


You could see an orc warrior, a wight and an orc wizard.

Vanquished Creatures
  Pikel (D:4)
  An orc warrior (D:6)
  2 slaves (D:4)
  An ogre (D:4)
  A scorpion (D:6)
  2 wights (D:6)
  A crimson imp (D:5)
  A quasit (D:6)
  2 jellies (D:5)
  3 hounds
  An orc wizard (D:4)
  2 worker ants
  A river rat (D:3)
  11 adders
  An adder skeleton (D:5)
  4 worms
  5 dart slugs
  6 giant geckos
  5 orcs
  2 ball pythons
  10 bats
  4 giant cockroaches
  7 goblins
  9 hobgoblins
  9 jackals
  12 kobolds
  A quokka (D:4)
  4 giant newts
  A quokka skeleton (D:4)
  7 rats
117 creatures vanquished.

Notes
Turn   | Place    | Note
--------------------------------------------------------------
     0 | D:1      | Galewin the Minotaur Berserker began the quest for the Orb.
     0 | D:1      | Reached XP level 1. HP: 19/19 MP: 0/0
    62 | D:1      | Reached skill level 4 in Axes
   101 | D:1      | Reached XP level 2. HP: 20/26 MP: 1/1
   271 | D:1      | Reached ** piety under Trog
   326 | D:1      | Reached skill level 5 in Axes
   730 | D:2      | Reached XP level 3. HP: 25/31 MP: 2/2
   866 | D:2      | Reached XP level 4. HP: 15/39 MP: 3/3
   888 | D:2      | Reached skill level 6 in Axes
   997 | D:2      | Found a burning altar of Makhleb.
  1049 | D:2      | Found a snail-covered altar of Cheibriados.
  1266 | D:3      | Reached *** piety under Trog
  1280 | D:3      | Found a faded altar to an unknown god.
  1535 | D:3      | Reached XP level 5. HP: 24/45 MP: 4/4
  1613 | D:3      | Found a white marble altar of Elyvilon.
  1849 | D:3      | Reached skill level 7 in Axes
  1991 | D:4      | Noticed Pikel
  1991 | D:4      | Noticed a slave
  1991 | D:4      | Noticed a slave
  1991 | D:4      | Noticed a slave
  1993 | D:4      | Noticed a slave
  2258 | D:4      | Killed a slave
  2260 | D:4      | Killed a slave
  2261 | D:4      | Killed Pikel
  2261 | D:4      | Reached skill level 10 in Axes
  2261 | D:4      | Reached XP level 6. HP: 5/51 MP: 5/5
  2261 | D:4      | Reached XP level 7. HP: 6/57 MP: 6/6
  2670 | D:4      | Reached **** piety under Trog
  3232 | D:5      | Entered Level 5 of the Dungeon
  3236 | D:5      | Reached skill level 11 in Axes
  3469 | D:5      | HP: 2/57 [poisoned by a worker ant]
  3477 | D:5      | HP: 2/57 [poisoned by a worker ant]
  3485 | D:5      | HP: 2/57 [poisoned by a worker ant]
  4241 | D:6      | Reached XP level 8. HP: 59/64 MP: 7/7
  4291 | D:6      | Reached skill level 12 in Axes
  4407 | D:6      | Slain by an orc warrior

Skill      XL: |  1  2  3  4  5  6  7  8 |
---------------+-------------------------+-----
Axes           | 4 5 6 10 11 12 | 12.2
Fighting       | |  3.6
Armour         | |  2.4
Dodging        | |  2.1

Action                   |  1- 3 |  4- 6 |  7- 9 || total
-------------------------+-------+-------+-------++-------
Melee: Hand axe          |    63 |   117 |   112 ||   292
       Headbutt          |     8 |    10 |    19 ||    37
Invok: Berserk           |     3 |     3 |     4 ||    10
       Burn Spellbooks   |       |       |     1 ||     1
       Trog's Hand       |       |       |     1 ||     1
  Use: Scroll            |       |       |     7 ||     7
  Eat: Chunk             |     2 |     6 |     6 ||    14
       Fruit             |       |     2 |     1 ||     3
       Bread ration      |       |       |     1 ||     1
Armor: Animal skin       |     9 |    16 |    17 ||    42
Dodge: Dodged            |    46 |    73 |    36 ||   155
